 Dungeon Crawl Stone Soup version 0.15-a0-2227-g1e78800 (webtiles) character file.

781 Econoterrorist the Cruncher (level 7, -7/40 HPs)
             Began as a Gargoyle Gladiator on July 25, 2014.
             Was an Initiate of Okawaru.
             Mangled by a mummy (15 damage)
             ... in an ossuary.
             The game lasted 00:18:18 (4670 turns).

Econoterrorist the Cruncher (Gargoyle Gladiator)    Turns: 4670, Time: 00:18:18

HP  -7/40        AC 11     Str 18      XL: 7   Next: 85%
MP   7/7         EV 10     Int 11      God: Okawaru [......]
Gold 130         SH  0     Dex 10      Spells:  0 memorised,  6 levels left

rFire  . . .     SeeInvis .     a - +0 quarterstaff (curse)
rCold  . . .     Clarity  .     q - +0 ring mail (curse)
rNeg   + . .     rCorr    .     (no shield)
rPois  +         rRot     +     c - +0 helmet (curse)
rElec  +         Spirit   .     (no cloak)
SustAb .         Warding  .     t - +0 pair of gloves
rMut   .         Stasis   .     (no boots)
Gourm  .                        (no amulet)
MR     .....                    (no ring)
                                (no ring)

@: not resistant to hostile enchantments, extremely unstealthy
A: negative energy resistance 1, electricity resistance, unbreathing,
petrification resistance, rot immunity, AC +4
a: Renounce Religion


You were in an ossuary.
You worshipped Okawaru.
Okawaru was noncommittal.
You were not hungry.

You visited 2 branches of the dungeon, and saw 6 of its levels.
You also visited: Ossuary.

You collected 130 gold pieces.

Inventory:

Hand weapons
 a - a cursed +0 quarterstaff (weapon)
Missiles
 d - 3 throwing nets (quivered)
Armour
 c - a cursed +0 helmet (worn)
 q - a cursed +0 ring mail (worn)
 t - a +0 pair of gloves (worn)
Magical devices
 r - a wand of random effects (12)
 s - a wand of confusion (5)
Comestibles
 f - 3 bread rations
 g - a slice of pizza
 l - 2 meat rations
Scrolls
 e - a scroll of fog {unknown}
 h - 6 scrolls of identify {unknown}
 j - 2 scrolls of magic mapping {unknown}
 m - 2 scrolls of teleportation {unknown}
 n - a scroll of noise {unknown}
 o - 2 scrolls of amnesia {unknown}


   Skills:
 - Level 2.1 Fighting
 + Level 9.0 Staves
 - Level 2.0 Throwing
 - Level 2.4 Dodging


You had 6 spell levels left.
You didn't know any spells.

Dungeon Overview and Level Annotations

Branches:
Dungeon (5/15)             Temple (1/1) D:4

Altars:
Ashenzari
Dithmenos
Elyvilon
Makhleb
Okawaru
Trog
Xom
The Shining One

Shops:
D:5 }


Innate Abilities, Weirdness & Mutations

You are resistant to torment.
You are immune to poison.
Your stone body is very resilient (AC +4).
You resist negative energy.
You are resistant to electric shocks.
You can survive without breathing.
You are immune to petrification.
You are immune to rotting.


Message History

You hit the mummy.
The mummy is severely damaged.
The mummy hits you! The mummy hits you.
* * * LOW HITPOINT WARNING * * *
The mummy barely misses you. The mummy misses you.
Drink which item? (? for menu, Esc to quit)
Magic courses through your body.
It was a potion of magic.
You hit the mummy but do no damage.
The mummy is severely damaged.
You sock the mummy!
You destroy the mummy!
Okawaru accepts your kill.
You feel nervous for a moment...
Your +0 quarterstaff glows black for a moment.
The mummy closely misses you.
There is a gate leading back out of here here.
Your ring mail prevents you from hitting the mummy.
The mummy hits you!
You die...

#....#
#....#
#....#
#....#
#....#
#....#
#....#
#..MM#
#.@∩.#
######


You could see 2 mummies.

Vanquished Creatures
  2 ogres (D:4)
  A phantom (D:4)
  A scorpion (D:4)
  A crimson imp (D:3)
  A hound (D:4)
  An iguana (D:4)
  A worker ant (D:4)
  4 orc wizards
  2 mummies (Ossuary)
  10 adders
  A gnoll (D:1)
  2 giant mites
  2 worms
  4 giant geckos
  2 oozes
  13 orcs
  10 giant cockroaches
  A gnoll zombie (Ossuary)
  11 hobgoblins
  4 jackals
  11 kobolds
  A ball python (D:1)
  5 bats
  5 giant newts
  12 goblins
  A hobgoblin zombie (Ossuary)
  A kobold skeleton (D:4)
  2 kobold zombies (Ossuary)
  2 orc zombies (Ossuary)
  9 rats
123 creatures vanquished.

Notes
Turn   | Place    | Note
--------------------------------------------------------------
     0 | D:1      | Econoterrorist, the Gargoyle Gladiator, began the quest for the Orb.
     0 | D:1      | Reached XP level 1. HP: 12/12 MP: 1/1
   295 | D:1      | Reached XP level 2. HP: 17/17 MP: 2/2
   489 | D:1      | Reached skill level 4 in Staves
   489 | D:1      | Reached XP level 3. HP: 19/21 MP: 3/3
  1212 | D:2      | Reached XP level 4. HP: 19/26 MP: 4/4
  1504 | D:2      | Reached skill level 5 in Staves
  1873 | D:3      | Reached XP level 5. HP: 30/30 MP: 5/5
  2079 | D:3      | Reached skill level 6 in Staves
  2252 | D:3      | Reached XP level 6. HP: 30/35 MP: 6/6
  2821 | D:4      | Found a shimmering altar of Xom.
  2900 | D:4      | Reached skill level 7 in Staves
  3163 | D:4      | Reached XP level 7. HP: 27/40 MP: 7/7
  3299 | D:4      | Reached skill level 8 in Staves
  3707 | D:4      | Found a staircase to the Ecumenical Temple.
  3720 | Temple   | Entered the Ecumenical Temple
  3735 | Temple   | Became a worshipper of Warmaster Okawaru
  4388 | D:5      | Entered Level 5 of the Dungeon
  4471 | D:5      | Found Gadghuif's Gadget Emporium.
  4586 | D:5      | Found a sand-covered staircase.
  4591 | Ossuary  | Entered an ossuary
  4604 | Ossuary  | Reached skill level 9 in Staves
  4670 | Ossuary  | Mangled by a mummy

Action                   |  1- 3 |  4- 6 |  7- 9 || total
-------------------------+-------+-------+-------++-------
Melee: Quarterstaff      |   142 |   231 |   142 ||   515
Throw: Throwing net      |     1 |       |       ||     1
Evoke: Wand              |       |     2 |     1 ||     3
  Use: Potion            |       |       |     5 ||     5
  Eat: Chunk             |     1 |     6 |     5 ||    12
       Pizza             |       |       |     1 ||     1
